 Dungeon Crawl Stone Soup version 0.16.0-11-gd45b091 (webtiles) character file.

331 DerLolli the Sneak (level 6, -7/36 HPs)
             Began as a Kobold Assassin on Mar 17, 2015.
             Mangled by an ogre
             ... wielding a +0 giant club
              (17 damage)
             ... on level 4 of the Dungeon.
             The game lasted 00:15:12 (2606 turns).

DerLolli the Sneak (Kobold Assassin)                Turns: 2606, Time: 00:15:12

Health: -7/36      AC: 11    Str: 12    XL:     6   Next: 82%
Magic:  6/6        EV: 14    Int:  9    God:
Gold:   186        SH:  0    Dex: 20    Spells: 0 memorised, 5 levels left

rFire  . . .     SeeInvis .     E - +0 dagger (venom)
rCold  . . .     Clarity  .     w - +0 scale mail
rNeg   . . .     SustAb   .     (no shield)
rPois  +         Gourm    .     G - +2 helmet
rElec  .         Spirit   .     d - +0 cloak
rCorr  .         Warding  .     (no gloves)
rMut   .         Stasis   .     y - +0 pair of boots
MR     .....                    (no amulet)
Stlth  +++.......               B - ring of poison resistance
                                p - +3 ring of strength

@: not resistant to hostile enchantments, fairly stealthy
A: carnivore 3
a: no special abilities


You were on level 4 of the Dungeon.
You were not hungry.

You visited 1 branch of the dungeon, and saw 4 of its levels.

You collected 186 gold pieces.

Inventory:

Hand weapons
 a - a +2 dagger
 b - a +0 blowgun
 E - a +0 dagger of venom (weapon)
Missiles
 e - 21 poisoned needles
 f - 2 curare-tipped needles
 C - 6 javelins
Armour
 d - a +0 cloak (worn)
 r - a +2 hat of magic resistance
 w - a +0 scale mail (worn)
 y - a +0 pair of boots (worn)
 G - a +2 helmet (worn)
Jewellery
 p - a +3 ring of strength (left hand)
 B - a ring of poison resistance (right hand)
 H - a cursed -3 ring of strength
Scrolls
 g - 2 scrolls of magic mapping
 h - 3 scrolls of random uselessness
 j - a scroll of teleportation
 m - 3 scrolls of blinking
 t - 4 scrolls of enchant weapon {unknown}
 u - 3 scrolls of remove curse {unknown}
 D - a scroll of enchant armour {unknown}
Potions
 c - 2 potions of poison {unknown}
 i - 3 potions of heal wounds {unknown}
 l - a potion of magic {unknown}
 n - a potion of cure mutation {unknown}
 o - 2 potions of curing {unknown}
 q - a potion of agility
 s - 2 potions of might {unknown}
 x - a potion of brilliance {unknown}
 z - a potion of restore abilities {unknown}
 A - a potion of mutation {unknown}
Comestibles
 k - 5 bread rations
 v - a meat ration
 F - a royal jelly


   Skills:
 + Level 2.9 Fighting
 + Level 4.1 Short Blades
 + Level 3.1 Throwing
 + Level 1.8 Armour
 + Level 4.2 Dodging
 + Level 7.1 Stealth


You had 5 spell levels left.
You didn't know any spells.

Dungeon Overview and Level Annotations

Branches:
Dungeon (4/15)
 Temple: D:4-7

Altars:
Ashenzari
Qazlal


Innate Abilities, Weirdness & Mutations

You are small and have problems with some larger weapons.
You are carnivorous and can eat meat at any time.


Message History

The ogre shouts!
The ogre hits you but does no damage. The ogre barely misses you.
The ogre closely misses you. The ogre hits you but does no damage.
You hit the ogre!
The ogre is poisoned.
The ogre is moderately wounded.
The ogre hits you with a giant club!
You hit the ogre.
The ogre looks even sicker.
The ogre is moderately wounded.
You hit the ogre.
The ogre is heavily wounded.
The ogre hits you with a giant club!
* * * LOW HITPOINT WARNING * * *
You hit the ogre but do no damage.
The ogre is severely wounded.
You hit the ogre.
The ogre is almost dead.
The ogre hits you with a giant club!
You die...

##............#
.....
#.............#
.....
#.............#
.....
#.............#
......
#.............#
......
#............##
......
#...........##
.....
#...........#
.....
#......O@...#
#####
#...........#
#...........#
..........(.#
...........#
.........##
.......##
#######


You could see an ogre.

Vanquished Creatures
  An ogre (D:4)
  A hound (D:4)
  A worker ant (D:4)
  Ijyb (D:3)
  Robin (D:4)
  A gnoll (D:4)
  6 adders
  2 worms
  3 giant geckos
  6 orcs (D:3)
  A ball python (D:3)
  4 bats
  A giant cockroach (D:2)
  7 hobgoblins
  11 jackals
  7 kobolds
  4 giant newts
  10 goblins
  10 rats
78 creatures vanquished.

Notes
Turn   | Place    | Note
--------------------------------------------------------------
     0 | D:1      | DerLolli, the Kobold Assassin, began the quest for the Orb.
     0 | D:1      | Reached XP level 1. HP: 12/12 MP: 1/1
   183 | D:1      | Reached XP level 2. HP: 14/17 MP: 2/2
   392 | D:1      | Reached skill level 6 in Stealth
   611 | D:1      | Reached XP level 3. HP: 22/22 MP: 3/3
   994 | D:2      | Reached XP level 4. HP: 20/27 MP: 4/4
  1453 | D:3      | Found a stormy altar of Qazlal.
  1553 | D:3      | Noticed Robin
  1594 | D:3      | Found a shattered altar of Ashenzari.
  1599 | D:3      | Found a stormy altar of Qazlal.
  1756 | D:3      | Reached XP level 5. HP: 27/31 MP: 5/5
  1772 | D:3      | Noticed Ijyb
  1828 | D:3      | Killed Ijyb
  2341 | D:4      | Killed Robin
  2411 | D:4      | Reached skill level 1 in Armour
  2411 | D:4      | Reached XP level 6. HP: 33/36 MP: 6/6
  2423 | D:4      | Noticed an ogre
  2437 | D:4      | Killed an ogre
  2437 | D:4      | Reached skill level 7 in Stealth
  2593 | D:4      | Noticed an ogre
  2606 | D:4      | Mangled by an ogre

Action                   |  1- 3 |  4- 6 || total
-------------------------+-------+-------++-------
Melee: Dagger            |    59 |   209 ||   268
  Use: Scroll            |     2 |     4 ||     6
 Stab: Sleeping          |     3 |     3 ||     6
  Eat: Meat ration       |     1 |       ||     1
